 Dungeon Crawl Stone Soup version 0.32-a0-18-g89e19f1974 (webtiles) character file.

Game seed: 10035838862592959464

1012 Bnni the Apothecary (level 8, -4/54 HPs)
             Began as an Octopode Alchemist on Jan 16, 2024.
             Was an Initiate of Gozag.
             Slain by a howler monkey (8 damage)
             ... on level 6 of the Dungeon.
             The game lasted 00:08:45 (5916 turns).

Bnni the Apothecary (Octopode Alchemist)            Turns: 5916, Time: 00:08:46

Health: -4/54      AC:  1    Str:  7    XL:     8   Next: 21%
Magic:  8/14       EV: 13    Int: 20    God:    Gozag
Gold:   269        SH:  0    Dex: 12    Spells: 2/16 levels left

rFire   . . .        n - +2 dagger (venom)
rCold   . . .        (no shield)
rNeg    . . .        (helmet restricted)
rPois   .            (no amulet)
rElec   .            c - ring of flight
rCorr   +            l - ring of resist corrosion
SInv    .            t - ring of wizardry
Will    .....        (no ring)
Stlth   +++          (no ring)
HPRegen 0.29/turn    (no ring)
MPRegen 0.14/turn    (no ring)
                     (no ring)

%: wizardry (x1)
@: flying
A: almost no armour, amphibious, 8 rings, camouflage 1, gelatinous body 1,
(nimble swimmer 1), tentacles
a: Renounce Religion, Potion Petition, Call Merchant, Bribe Branch


You were on level 6 of the Dungeon.
You worshipped Gozag.
Gozag was aware of your devotion.
You visited 2 branches of the dungeon, and saw 7 of its levels.

You collected 357 gold pieces.
You spent 22 gold pieces at shops.
You paid 66 gold pieces to Gozag.

Inventory:

Hand Weapons
 j - a +2 dagger of speed
 n - a +2 dagger of venom (weapon)
Jewellery
 c - a ring of flight (left tentacle)
 l - a ring of resist corrosion (right tentacle)
 t - a ring of wizardry (on tentacle)
Wands
 r - a wand of roots (8)
Scrolls
 e - 3 scrolls of teleportation {unknown}
 h - a scroll of butterflies {unknown}
 i - a scroll of immolation {unknown}
 m - a scroll of fear {unknown}
 o - a scroll of blinking {unknown}
 p - a scroll of poison {unknown}
 q - a scroll of noise {unknown}
 s - a scroll of revelation {unknown}
Potions
 a - a potion of magic
 b - 2 potions of lignification
 d - 3 potions of brilliance
 f - a potion of attraction
 g - a potion of curing
 k - a potion of berserk rage {unknown}
 u - a potion of degeneration {unknown}


   Skills:
 + Level 4.3 Fighting
 + Level 2.1 Dodging
 - Level 2.6 Stealth
 + Level 4.6 Spellcasting
 - Level 1.0 Conjurations
 * Level 7.9 Alchemy


You had 2 spell levels left.
You knew the following spells:

 Your Spells              Type           Power      Damage    Failure   Level
a - Sting                 Conj/Alch      88%        1d8       1%          1
b - Mercury Vapours       Alch/Air       40%        N/A       1%          2
c - Mephitic Cloud        Conj/Alch/Air  16%        N/A       4%          3
d - Olgreb's Toxic Radia  Alch           36%        N/A       1%          4
f - Sticky Flame          Fire/Alch      20%        2d6       10%         4

Your spell library contained the following spells:

 Spells                   Type           Power      Damage    Failure   Level
 Foxfire                  Conj/Fire      24%        2x1d5     4%          1
 Ensorcelled Hibernation  Hex/Ice        8%         N/A       8%          2
 Metabolic Englaciation   Hex/Ice        2%         N/A       77%         5
 Summon Mana Viper        Hex/Summ       4%         N/A       77%         5
 Plasma Beam              Fire/Air       2%         2x1d12    99%         6
 Starburst                Conj/Fire      3%         6d3       99%         6


Dungeon Overview and Level Annotations

Branches:
Dungeon (6/15)             Temple (1/1) D:4

Altars:
Dithmenos
Fedhas
Gozag
Kikubaaqudgha
Nemelex Xobeh
Okawaru
Qazlal
Sif Muna
Trog
Wu Jian
Xom
Yredelemnul
Zin

Shops:
D:1 ?

Annotations:
D:4 3 runed translucent doors, Bapho's ghost, amateur DrSh; koorschki's ghost, amateur OnFi


Innate Abilities, Weirdness & Mutations

You cannot wear most types of armour.
You are amphibious.
You can wear up to eight rings at the same time.
Your skin changes colour to match your surroundings (Stealth+).
Your rubbery body absorbs attacks. (AC +1, EV +1)
((You are camouflaged when in or above water. (Stealth+)))
You have tentacles for arms and can constrict up to eight enemies at once.


Message History

You constrict the kobold brigand.
You feel sick.
The kobold brigand hits you with a +0 dagger.
* * * LOW HITPOINT WARNING * * *
Unknown command.
Aiming: Sting (safe; 1% risk of failure)
Press: ? - help, Q - select action, (/) - cycle Shift-Dir - straight line, f - howler monkey, p - kobold brigand
Aim: a howler monkey (73% to hit)
The sting hits the howler monkey!
The howler monkey is poisoned.
The howler monkey is moderately wounded.
The howler monkey is no longer distracted by gold.
You constrict the kobold brigand, but do no damage.
You feel sick.
The kobold brigand hits you with a +0 dagger!
* * * LOW HITPOINT WARNING * * *
Unknown command.
You feel better.
You constrict the kobold brigand. The howler monkey hits you.
* * * LOW HITPOINT WARNING * * *
The kobold brigand hits you with a +0 dagger.
* * * LOW HITPOINT WARNING * * *
Unknown command.
You hit the kobold brigand but do no damage.
The kobold brigand looks as sick as possible!
You squeeze the kobold brigand.
You kill the kobold brigand!
The howler monkey closely misses you.
Unknown command.
You barely miss the howler monkey. You grab the howler monkey.
The howler monkey is heavily wounded.
You constrict the howler monkey. The howler monkey misses you.
The howler monkey hits you.
* * * LOW HITPOINT WARNING * * *
Unknown command.
Aiming: Sting (safe; 1% risk of failure)
Press: ? - help, Q - select action, (/) - cycle Shift-Dir - straight line, f/p - howler monkey
Aim: a howler monkey (severely wounded, constricted by you, poisoned, 100% to hit)
The sting hits the howler monkey.
The howler monkey looks even sicker.
The howler monkey is almost dead.
You constrict the howler monkey. The howler monkey hits you!
You die...
Your body crumbles into a pile of gold.

#>.#### .....#
#.$...# #$....#####
..##.#$......#
#.##.#.......#
#.##.#h$.....#
###.##.$.@.....#
........$.$....+
##.##....)....#
#######.##.........#
...........#.......#
#######.##.#.......#
#.#######.#+##
#######.# ...
.......<# ....


You could see a howler monkey (very poisoned).

Vanquished Creatures
  A water moccasin (D:5)
  A centaur (D:5)
  A phantom (D:4)
  A kobold brigand (D:6)
  An orc priest (D:5)
  A bombardier beetle (D:4)
  2 hounds (D:4)
  2 iguanas (D:5)
  Natasha (thrice) (D:4)
  Ijyb (D:4)
  6 orc wizards
  Robin (D:4)
  10 adders
  A white imp (D:6)
  6 dart slugs
  A ribbon worm (D:2)
  13 orcs
  9 bats
  8 endoplasms
  2 giant cockroaches (D:2)
  14 goblins
  11 hobgoblins
  3 jackals (D:3)
  12 kobolds
  4 quokkas
  10 ball pythons
  2 frilled lizards (D:2)
  4 rats
131 creatures vanquished.

Notes
Turn   | Place    | Note
-------+----------+-------------------------------------------
     0 | D:1      | Bnni the Octopode Alchemist began the quest for the Orb.
     0 | D:1      | Reached XP level 1. HP: 11/11 MP: 3/3
    45 | D:1      | You fall into a shaft and drop 1 floor!
    48 | D:2      | Found a faded altar of an unknown god.
   168 | D:2      | Reached XP level 2. HP: 7/18 MP: 0/5
   171 | D:2      | Learned a level 2 spell: Mercury Vapours
   236 | D:2      | Found an iron altar of Okawaru.
   524 | D:1      | Found Ceolufep's Magic Scroll Boutique.
   527 | D:1      | Reached skill level 1 in Fighting
   554 | D:1      | Bought a scroll of identify for 22 gold pieces
   611 | D:1      | Reached skill level 4 in Alchemy
   611 | D:1      | Reached XP level 3. HP: 17/23 MP: 6/6
  1798 | D:2      | Reached XP level 4. HP: 28/28 MP: 4/7
  1880 | D:2      | Learned a level 4 spell: Olgreb's Toxic Radiance
  2963 | D:3      | Reached XP level 5. HP: 34/34 MP: 9/9
  3102 | D:3      | Reached skill level 5 in Alchemy
  3180 | D:4      | Noticed Natasha
  3186 | D:4      | Killed Natasha
  3243 | D:4      | Noticed Natasha
  3247 | D:4      | Killed Natasha
  3285 | D:4      | Got the Folio of Hexes
  3292 | D:4      | Noticed Natasha
  3300 | D:4      | Killed Natasha
  3347 | D:4      | Reached XP level 6. HP: 41/41 MP: 5/10
  3514 | D:4      | Reached skill level 6 in Alchemy
  3754 | D:4      | Found a glowing silver altar of Zin.
  3755 | D:4      | Found a shimmering altar of Xom.
  3755 | D:4      | Noticed an angel
  3773 | D:4      | Found a runed translucent gate.
  3773 | D:4      | Found a runed translucent gate.
  3773 | D:4      | Found a runed translucent gate.
  3774 | D:4      | Noticed Bapho's ghost (amateur DrSh)
  3775 | D:4      | Noticed koorschki's ghost (amateur OnFi)
  3818 | D:4      | Noticed Ijyb
  3825 | D:4      | Killed Ijyb
  3901 | D:4      | Learned a level 3 spell: Mephitic Cloud
  3983 | D:4      | Found an ornate altar of the Wu Jian Council.
  4061 | D:4      | Reached XP level 7. HP: 6/46 MP: 12/12
  4362 | D:4      | Noticed Robin
  4369 | D:4      | Killed Robin
  4447 | D:4      | Found a staircase to the Ecumenical Temple.
  4602 | Temple   | Entered the Ecumenical Temple
  4629 | Temple   | Became a worshipper of Gozag Ym Sagoz the Greedy
  4738 | D:5      | Entered Level 5 of the Dungeon
  4875 | D:5      | Learned a level 4 spell: Sticky Flame
  5001 | D:5      | Reached skill level 7 in Alchemy
  5465 | D:5      | Reached XP level 8. HP: 54/54 MP: 12/14
  5916 | D:6      | Slain by a howler monkey

Illustrated notes

Levels and vault maps discovered:
D:1:      dpeg_arrival_oval, layout_loops_ring, serial_shops,
          nicolae_shop_statue_plus, amcnicky_mini_rare_corridor_liquid
D:2:      layout_basic, basic_altar, shapermc_ecumenical_altar_venn,
          grunt_ministairs_9, serial_bayou_crossing
D:3:      layout_loops_cross, minmay_quantized
D:4:      layout_basic, grunt_temple_overflow_order_and_chaos_1,
          nzn_wu_jian_contemplation, minmay_temple_entry_crystal_x,
          gammafunk_ghost_cemetery, hangedman_minor_gate_pass, uniq_robin,
          uniq_natasha, uniq_ijyb
D:5:      layout_loops_ring, chequers_big_river
D:6:      layout_basic, fiery_altar_vehumet, uniq_crazy_yiuf_cottage,
          uniq_duvessa
Temple:   dpeg_chambers_temple

Skill      XL: |  1  2  3  4  5  6  7 |
---------------+----------------------+-----
Fighting       | 1 2 3 4 |  4.3
Alchemy        | 4 5 6 7 |  7.9
Spellcasting   | 3 4 |  4.6
Dodging        | |  2.1
Stealth        | |  2.6
Conjurations   | |  1.0

Action                     |  1- 3 |  4- 6 |  7- 9 || total
---------------------------+-------+-------+-------++-------
  Melee: Short sword       |    27 |    20 |       ||    47
         Unarmed           |     5 |       |       ||     5
         Punch             |     1 |     1 |     2 ||     4
         Tentacles         |     3 |    16 |    18 ||    37
         Constrict         |     3 |    21 |    17 ||    41
         Dagger            |       |    81 |    60 ||   141
   Cast: Sting             |    46 |    43 |    22 ||   111
         Olgreb's Toxic Ra |       |     6 |     5 ||    11
    Use: Scroll            |     2 |     1 |     1 ||     4
         Potion            |       |     1 |     1 ||     2
   Stab: Sleeping          |     3 |     4 |     1 ||     8
         Distracted        |       |     1 |       ||     1
 Armour: Skin              |    19 |    42 |    47 ||   108
  Dodge: Dodged            |    29 |    53 |    40 ||   122

Table legend: (Time is in decaauts)
 A = Elapsed time spent in this place.
 B = Non-inter-level travel time spent in this place.
 C = Inter-level travel time spent in this place.
 D = Time resting spent in this place.
 E = Time spent auto-exploring this place.
 F = Levels seen in this place.
 G = Mean time per level.
                   A        B        C        D        E       F      G
               +--------+--------+--------+--------+--------+-----+--------+
         Total |   5905 |   5685 |    220 |    403 |   4448 |   7 |  843.6 |
       Dungeon |   5850 |   5682 |    168 |    403 |   4448 |   6 |  975.0 |
        Temple |     54 |      2 |     52 |      0 |      0 |   1 |   54.0 |
               +--------+--------+--------+--------+--------+-----+--------+

Top non-repeatable levels by time:
     D:4: 1538 daAuts
     D:2: 1209 daAuts
     D:5: 1151 daAuts
     D:1: 1132 daAuts
     D:3: 792 daAuts
  Temple: 54 daAuts
     D:6: 25 daAuts
